 Dungeon Crawl Stone Soup version 0.28.0-45-g0d030f2227 (webtiles) character file.

Game seed: 17174964389283019424

49 protoss039 the Ducker (level 3, -1/19 HPs)
             Began as a Deep Elf Air Elementalist on Apr 6, 2022.
             Slain by a goblin
             ... wielding a +0 club
             ... led by Robin
              (2 damage)
             ... on level 2 of the Dungeon.
             The game lasted 00:01:32 (1199 turns).

protoss039 the Ducker (Deep Elf Air Elementalist)   Turns: 1199, Time: 00:01:32

Health: -1/19      AC:  3    Str:  5    XL:     3   Next: 51%
Magic:  2/9        EV: 13    Int: 21    God:
Gold:   37         SH:  0    Dex: 15    Spells: 5/8 levels left

rFire   . . .      SeeInvis .   g - +2 dagger (protect)
rCold   . . .      Faith    .   (no shield)
rNeg    . . .      Spirit   .   a - +0 robe
rPois   .          Reflect  .   d - +1 hat
rElec   .          Harm     .   (no cloak)
rCorr   .          Rampage  .   (no gloves)
Will    .....                   (no boots)
Stlth   ++........              (no amulet)
HPRegen 0.06/turn               (no ring)
MPRegen 0.11/turn               (no ring)

@: no status effects
A: no striking features
a: no special abilities


You were on level 2 of the Dungeon.
You visited 1 branch of the dungeon, and saw 2 of its levels.

You collected 37 gold pieces.

Inventory:

Hand Weapons
 g - a +2 dagger of protection (weapon)
Armour
 a - a +0 robe (worn)
 d - a +1 hat (worn)
Scrolls
 b - a scroll of magic mapping {unknown}
 c - a scroll of vulnerability {unknown}
 e - a scroll of identify {unknown}


   Skills:
 * Level 3.5 Dodging
 - Level 3.0 Stealth
 + Level 3.4 Spellcasting
 + Level 1.7 Conjurations
 + Level 3.3 Air Magic


You had 5 spell levels left.
You knew the following spells:

 Your Spells              Type           Power      Damage    Failure   Level
a - Shock                 Conj/Air       56%        1d6       4%          1
b - Static Discharge      Conj/Air       14%        N/A       7%          2

Your spell library contained the following spells:

 Spells                   Type           Power      Damage    Failure   Level
 Swiftness                Air            17%        N/A       10%         3
 Airstrike                Air            8%         N/A       32%         4


Dungeon Overview and Level Annotations

Branches:
Dungeon (2/15)

Altars:


Message History

The zap misses Robin.
The zap hits the goblin.
The goblin is severely wounded.
The goblin hits you with a +0 club.
Unknown command.
Unknown command.
Unknown command.
Casting: Shock (safe; 4% risk of failure)
Confirm with . or Enter, or press ? or * to list all spells.
Aiming: Shock (safe; 4% risk of failure)
Press: ? - help, Shift-Dir - straight line The zap hits the goblin.
You kill the goblin!
The zap hits Robin.
Robin is severely wounded.
The zap misses the goblin.
The zap hits the goblin.
You kill the goblin!
The goblin closely misses you.
Robin flexes a bicep menacingly.
Robin throws the goblin at you! The goblin barely misses you.
The goblin hits you with a +0 club.
Unknown command.
Unknown command.
Casting: Shock (safe; 4% risk of failure)
Confirm with . or Enter, or press ? or * to list all spells.
Aiming: Shock (safe; 4% risk of failure)
Press: ? - help, Shift-Dir - straight line The zap hits Robin.
You kill Robin!
The goblin hits you with a +0 dagger. The goblin hits you with a +0 club.
* * * LOW HITPOINT WARNING * * *
The goblin barely misses you.
Unknown command.
Unknown command.
Casting: Shock (safe; 4% risk of failure)
Confirm with . or Enter, or press ? or * to list all spells.
You don't have enough magic to cast this spell.
Unknown command.
Unknown command.
The goblin hits you with a +0 club.
You die...

### #<# #.# ...####.##
########
.........###......#
##.####..##.......######
.................!....#
...............@......##
#..............ggg......
#...............g)......
#.................).....
#..................)..##
....)...............)...
#....................)..
......................
...............


You could see 4 goblins.

Vanquished Creatures
  Robin (D:2)
  A dart slug (D:1)
  An endoplasm (D:1)
  A giant cockroach (D:1)
  11 goblins
  2 hobgoblins (D:1)
  4 jackals (D:1)
  3 kobolds
  A quokka (D:1)
  2 ball pythons (D:1)
  3 bats (D:1)
  A rat (D:1)
31 creatures vanquished.

Notes
Turn   | Place    | Note
-------+----------+-------------------------------------------
     0 | D:1      | protoss039 the Deep Elf Air Elementalist began the quest
                  | for the Orb.
     0 | D:1      | Reached XP level 1. HP: 10/10 MP: 6/6
    10 | D:1      | Found a faded altar of an unknown god.
   196 | D:1      | Reached XP level 2. HP: 13/15 MP: 5/8
   979 | D:1      | Reached XP level 3. HP: 19/19 MP: 9/9
  1145 | D:1      | Learned a level 2 spell: Static Discharge
  1190 | D:2      | Noticed Robin
  1198 | D:2      | Killed Robin
  1199 | D:2      | Slain by a goblin

Illustrated notes

Levels and vault maps discovered:
D:1:      wander_arrival_abandoned_jail, layout_loops_ring,
          shapermc_ecumenical_altar_mp_highgroup
D:2:      layout_basic, basic_altar, wad_floor_pattern_2, uniq_robin

Skill      XL: |  1  2 |
---------------+-------+-----
Stealth        | 3 |  3.0
Dodging        | 3 |  3.5
Spellcasting   | |  3.4
Conjurations   | |  1.7
Air Magic      | |  3.3

Action                   || total
-------------------------++-------
Melee: Unarmed           ||     8
       Dagger            ||    41
       Punch             ||     1
 Cast: Shock             ||    26
 Stab: Sleeping          ||     8
Armor: Robe              ||    22
Dodge: Dodged            ||    26
